 Dungeon Crawl Stone Soup version 0.30-a0-1002-ga41ad49a19 (webtiles) character file.

Game seed: 11764775801248267868

18201 Jossarian the Thaumaturge (level 12, -21/51 HPs)
             Began as a Spriggan Conjurer on Apr 4, 2023.
             Was a High Priest of Vehumet.
             Demolished by Agnes
             ... wielding a +0 vampiric lajatang
              (27 damage)
             ... on level 1 of the Elven Halls on Apr 5, 2023.
             The game lasted 04:06:08 (21650 turns).

Jossarian the Thaumaturge (Spriggan Conjurer)      Turns: 21650, Time: 04:06:09

Health: -21/51     AC:  5    Str:  3    XL:     12   Next: 25%
Magic:  0/30       EV: 18    Int: 24    God:    Vehumet [*****.]
Gold:   63         SH:  0    Dex: 14    Spells: 1/37 levels left

rFire   . . .      SeeInvis +    k - staff of conjuration
rCold   . . .      Faith    .    (shield currently unavailable)
rNeg    + . .      Spirit   +    J - +1 robe {rN+}
rPois   +          Reflect  .    N - +1 hat
rElec   .          Rampage  .    G - +0 cloak
rCorr   .                        (gloves unavailable)
Will    ++...                    (boots unavailable)
Stlth   +++                      u - amulet of guardian spirit
HPRegen 0.28/turn                n - ring of poison resistance
MPRegen 0.22/turn                (no ring)

@: very quick
A: very small, no large weapons, unfitting armour, see invisible, speed 3
a: Renounce Religion


You were on level 1 of the Elven Halls.
You worshipped Vehumet.
Vehumet was extremely pleased with you.
You visited 4 branches of the dungeon, and saw 13 of its levels.

You collected 1274 gold pieces.
You spent 1211 gold pieces at shops.

Inventory:

Hand Weapons
 l - the +1 hand axe "Avatrer" {flame, rElec rPois Will++ Dex-5}
   (You found it on level 3 of the Dungeon)

   Dex:       It affects your dexterity (-5).
   rElec:     It insulates you from electricity.
   rPois:     It protects you from poison.
   Will:      It greatly increases your willpower.
 p - a +0 dagger of venom
 K - a +0 arbalest
Missiles
 g - 14 poisoned darts (quivered)
 r - 14 boomerangs
 L - 5 silver boomerangs
 M - 3 atropa-tipped darts
Armour
 G - a +0 cloak (worn)
 J - a +1 robe of positive energy (worn)
 N - a +1 hat (worn)
 O - a +1 robe of willpower
Magical Staves
 k - a staff of conjuration (weapon)
Jewellery
 e - a ring of ice
 n - a ring of poison resistance (left hand)
 u - an amulet of guardian spirit (around neck)
 z - an amulet of the acrobat
 H - the ring "Yrhuetim" {Fire Will+}
   (You found it on level 9 of the Dungeon)

   [ring of fire]

   It enhances your fire magic.
   rF:        It protects you from fire.
   rC:        It makes you vulnerable to cold.
   Will:      It increases your willpower.
Wands
 E - a wand of iceblast (11)
 F - a wand of flame (14)
 I - a wand of mindburst (6)
Scrolls
 c - a scroll of identify
 f - a scroll of magic mapping
 i - 2 scrolls of silence
 o - 4 scrolls of blinking
 s - a scroll of poison
 v - a scroll of immolation
 w - 2 scrolls of fear
 y - a scroll of enchant weapon
 B - a scroll of fog
 C - 3 scrolls of teleportation
 D - a scroll of butterflies
Potions
 b - a potion of magic
 d - a potion of ambrosia
 h - 3 potions of brilliance
 j - 2 potions of flight
 m - a potion of invisibility
 q - 7 potions of curing
 x - a potion of heal wounds
 A - 2 potions of cancellation


   Skills:
 + Level 0.2 Fighting
 + Level 11.1 Throwing
 + Level 4.1 Dodging
 + Level 6.2 Stealth
 + Level 13.4 Spellcasting
 + Level 8.5 Conjurations
 + Level 6.1 Hexes
 + Level 0.4 Summonings
 + Level 0.6 Translocations
 + Level 0.8 Transmutations
 + Level 2.1 Ice Magic
 + Level 2.4 Air Magic
 + Level 1.1 Poison Magic
 + Level 0.6 Evocations


You had one spell level left.
You knew the following spells:

 Your Spells              Type           Power      Damage    Failure   Level
a - Magic Dart            Conj           100%       1d8       1%          1
b - Searing Ray           Conj           100%       2d8       1%          2
c - Summon Guardian Gole  Hex/Summ       31%        N/A       3%          3
d - Fulminant Prism       Conj/Hex       33%        3d16      1%          4
e - Shock                 Conj/Air       100%       1d9       1%          1
f - Iskenderun's Battles  Conj           71%        2d12      1%          5
g - Teleport Other        Tloc           18%        N/A       9%          3
h - Ignite Poison         Fire/Tmut/Pois 19%        N/A       2%          3
i - Iskenderun's Mystic   Conj/Tloc      54%        2d12      1%          4
j - Dazzling Flash        Conj/Hex       100%       N/A       1%          3
k - Freezing Cloud        Conj/Ice/Air   26%        6-21      4%          5
l - Sting                 Tmut/Pois      80%        1d7       2%          1
m - Slow                  Hex            100%       N/A       1%          1

Your spell library contained the following spells:

 Spells                   Type           Power      Damage    Failure   Level
 Airstrike                Air            13%        2d(2-18)  4%          4
 Apportation              Tloc           36%        N/A       3%          1
 Static Discharge         Conj/Air       100%       2-7/arc   1%          2
 Flame Wave               Conj/Fire      53%        2d13      1%          4
 Cigotuvi's Dreadful Rot  Necr/Pois/Air  42%        N/A       3%          2
 Arcjolt                  Conj/Air       29%        1d39      3%          5
 Vhi's Electric Charge    Tloc/Air       46%        N/A       6%          3
 Gell's Gravitas          Tloc           18%        N/A       9%          3
 Anguish                  Hex/Necr       15%        N/A       11%         4
 Iron Shot                Conj/Erth      26%        9d6       24%         6
 Orb of Destruction       Conj           35%        9d10      24%         7
 Animate Armour           Summ/Erth      34%        N/A       34%         4
 Alistair's Intoxication  Tmut/Pois      13%        N/A       56%         5
 Blade Hands              Tmut           10%        N/A       58%         5
 Plasma Beam              Fire/Air       11%        2x1d24    61%         6
 Spellforged Servitor     Conj/Summ      27%        N/A       75%         7
 Dispersal                Tloc           9%         N/A       99%         6


Dungeon Overview and Level Annotations

Branches:
Dungeon (9/15)             Temple (1/1) D:5             Orc (2/2) D:9
    Elf (1/3) Orc:2
   Lair: D:8-11

Altars:
Ashenzari
Cheibriados
Dithmenos
Elyvilon
Fedhas
Gozag
Hepliaklqana
Kikubaaqudgha
Makhleb
Nemelex Xobeh
Okawaru
Qazlal
Ru
Sif Muna
Trog
Vehumet
Wu Jian
Yredelemnul
Zin
The Shining One

Shops:
D:4 [   D:7 [   Orc:1 :   Orc:2 [[[?(   Elf:1 *

Annotations:
Elf:1 Agnes


Innate Abilities, Weirdness & Mutations

You are very small and have problems with some larger weapons.
You are too small for most types of armour.
You have supernaturally acute eyesight. (SInv)
You cover ground extremely quickly. (Speed+++)


Message History

Aiming: Freezing Cloud (dangerous; 4% risk of failure)
Press: ? - help, Dir - move target, p - Agnes You feel a surge of power!
Agnes is engulfed in freezing vapours.
The deep elf zephyrmancer gestures at you while chanting.
The bolt of lightning hits Agnes!!
The bolt of lightning hits you!!
Agnes is engulfed in freezing vapours.
A deep elf archer comes into view. It is wielding a +0 dagger.
A deep elf knight comes into view. It is wielding a +0 long sword.
You hear a shout! x2
Agnes attacks as you move away!
Agnes hits you with a +0 vampiric lajatang.
Agnes draws strength from your wounds!
Casting: Freezing Cloud (dangerous; 4% risk of failure)
Confirm with . or Enter, or press ? or * to list all spells.
Aiming: Slow (safe; 1% risk of failure)
Press: ? - help, Shift-Dir - straight line, f - Agnes
Aim: Agnes, wielding a +0 vampiric lajatang and wearing a +0 robe (heavily wounded, chance to affect: 4%) Agnes resists with almost no effort.
Agnes hits you with a +0 vampiric lajatang!
Agnes draws strength from your wounds!
The deep elf archer is engulfed in freezing vapours.
Agnes misses you.
The deep elf archer is engulfed in freezing vapours.
Agnes says, "You will find the Path of Peace easy to follow, in death."
The deep elf archer is engulfed in freezing vapours.
There is an open door here.
Agnes attacks as you move away!
Agnes hits you with a +0 vampiric lajatang!
Agnes draws strength from your wounds!
Casting: Slow (safe; 1% risk of failure)
Confirm with . or Enter, or press ? or * to list all spells.
Aiming: Teleport Other (dangerous; 9% risk of failure)
Press: ? - help, Shift-Dir - straight line, f/p - Agnes
Aim: Agnes, wielding a +0 vampiric lajatang and wearing a +0 robe (moderately wounded, chance to affect: 4%) Agnes resists with almost no effort.
Agnes hits you with a +0 vampiric lajatang!
* * * LOW HITPOINT WARNING * * *
Agnes hits you with a +0 vampiric lajatang!!
Ouch! That really hurt!
You die...

..... #...8.8..#####
#..... .e...
+..8...8.......+.....
....
##8..∩..8#######.....
..# #.8...8.# ##....
#e## #.)8.8..## #...
#.###...8....#
##.##.[.#.###'...
##.##....# #...
##.##@### .. ##.#i#
##'.### ##...##
+.....# #.....#
#.....# ##...## ####+


You could see Agnes.

Vanquished Creatures
  2 two-headed ogres
  A boulder beetle (D:9)
  4 orc high priests (Orc:2)
  The ghost of TheSeeker391 the Cleaver, a novice HOFi of Okawaru (D:7)
  2 orc knights (Orc:1)
  2 deep elf zephyrmancers (Elf:1)
  An orc sorcerer (Orc:2)
  Maggie (D:8)
  A hornet (D:8)
  A troll (Orc:1)
  12 yaks
  A water elemental (Elf:1)
  A fire elemental (Elf:1)
  Eustachio (D:4)
  5 steam dragons
  2 wargs (Orc:1)
  26 orc warriors
  A sky beast (D:7)
  2 black bears
  3 ogres
  A centaur (D:6)
  A phantom (D:4)
  A kobold brigand (D:6)
  2 bullfrogs
  A water moccasin zombie (D:7)
  2 gnoll sergeants (D:9)
  13 wights
  15 killer bees
  6 howler monkeys
  A centaur zombie (D:7)
  47 orc priests
  5 hounds
  A gnoll bouda (D:7)
  An iguana (D:5)
  3 sleepcaps
  29 orc wizards
  Natasha (twice) (D:3)
  7 adders
  13 gnolls
  2 white imps
  2 ufetubi
  A worm (D:2)
  2 dart slugs
  84 orcs
  4 bats
  8 endoplasms
  2 giant cockroaches
  12 goblins
  2 hobgoblins
  8 jackals
  8 kobolds
  5 quokkas
  9 ball pythons
  5 frilled lizards
  3 rats
  3 fulminant prisms
381 creatures vanquished.

Vanquished Creatures (others)
  A killer bee (D:9)
  100 fulminant prisms
  2 fungi (D:2)
  2 plants (D:2)
105 creatures vanquished.

Grand Total: 486 creatures vanquished

Notes
Turn   | Place    | Note
-------+----------+-------------------------------------------
     0 | D:1      | Jossarian the Spriggan Conjurer began the quest for the
                  | Orb.
     0 | D:1      | Reached XP level 1. HP: 9/9 MP: 5/5
   379 | D:1      | Reached XP level 2. HP: 13/13 MP: 2/6
   419 | D:1      | Learned a level 2 spell: Searing Ray
   538 | D:1      | Reached skill level 3 in Spellcasting
  1296 | D:2      | Reached XP level 3. HP: 16/16 MP: 6/8
  1901 | D:2      | Found a faded altar of an unknown god.
  3020 | D:3      | Identified the +1 hand axe "Avatrer" {flame, rElec rPois
                  | Will++ Dex-5}
  3045 | D:3      | Found a white marble altar of Elyvilon.
  3119 | D:3      | Reached XP level 4. HP: 12/21 MP: 1/10
  3608 | D:3      | Reached skill level 1 in Throwing
  3608 | D:3      | Reached XP level 5. HP: 24/24 MP: 1/11
  4159 | D:3      | Noticed Natasha
  4194 | D:3      | Killed Natasha
  4272 | D:3      | Noticed Natasha
  4287 | D:3      | Killed Natasha
  4288 | D:3      | Reached skill level 4 in Spellcasting
  4460 | D:3      | Found an ancient bone altar of Kikubaaqudgha.
  4769 | D:4      | Learned a level 3 spell: Summon Guardian Golem
  4797 | D:4      | Noticed Eustachio
  4925 | D:4      | Found Tuakoaf's Antique Armour Boutique.
  5030 | D:4      | Reached XP level 6. HP: 24/28 MP: 10/14
  5193 | D:4      | Reached skill level 5 in Spellcasting
  5624 | D:4      | Reached XP level 7. HP: 28/32 MP: 7/16
  5735 | D:4      | Found an ornate altar of the Wu Jian Council.
  5767 | D:4      | Reached skill level 5 in Stealth
  6016 | D:4      | Killed Eustachio
  6017 | D:4      | Reached skill level 6 in Spellcasting
  6127 | D:5      | Entered Level 5 of the Dungeon
  6437 | D:4      | Reached skill level 1 in Hexes
  6617 | D:5      | Reached XP level 8. HP: 36/36 MP: 8/18
  6683 | D:5      | Learned a level 4 spell: Fulminant Prism
  6759 | D:5      | Reached skill level 5 in Conjurations
  6974 | D:5      | Found a staircase to the Ecumenical Temple.
  7024 | Temple   | Entered the Ecumenical Temple
  7063 | Temple   | Became a worshipper of Vehumet
  7968 | D:6      | Reached skill level 5 in Throwing
  8306 | D:6      | Reached skill level 7 in Spellcasting
  9790 | D:7      | Reached * piety under Vehumet
  9790 | D:7      | Offered knowledge of Shock by Vehumet.
  9895 | D:7      | Learned a level 1 spell: Shock
  9957 | D:7      | Reached XP level 9. HP: 38/39 MP: 16/21
 10031 | D:7      | Reached skill level 8 in Spellcasting
 10560 | D:7      | Found Piulou's Armour Shoppe.
 11246 | D:7      | Found a shimmering altar of Xom.
 11246 | D:7      | Found a shimmering altar of Xom.
 11247 | D:7      | Found a shimmering altar of Xom.
 11253 | D:7      | Found a shimmering altar of Xom.
 11307 | D:7      | Found a broken altar of Ashenzari.
 11440 | D:7      | Found a runed translucent gate.
 11440 | D:7      | Noticed TheSeeker391's ghost (novice HOFi)
 11441 | D:7      | Found a runed translucent gate.
 11441 | D:7      | Found a runed translucent gate.
 11443 | D:7      | Found a basalt altar of Yredelemnul.
 11739 | D:7      | Found a glowing silver altar of Zin.
 11739 | D:7      | Noticed an angel
 11814 | D:7      | Noticed a six-headed hydra
 12158 | D:7      | Killed TheSeeker391's ghost
 12159 | D:7      | Reached skill level 9 in Spellcasting
 12426 | D:8      | Learned a level 5 spell: Iskenderun's Battlesphere
 12649 | D:8      | Reached XP level 10. HP: 44/44 MP: 16/24
 13239 | D:8      | Offered knowledge of Momentum Strike by Vehumet.
 13240 | D:8      | Reached skill level 10 in Spellcasting
 13434 | D:8      | Found an iron altar of Okawaru.
 13800 | D:8      | Noticed Maggie
 14113 | D:8      | Killed Maggie
 14113 | D:8      | Reached ** piety under Vehumet
 14222 | D:8      | Upgraded the game from 0.30-a0-989-g0d87f670db to
                  | 0.30-a0-1002-ga41ad49a19
 14255 | D:9      | Identified the ring "Yrhuetim" {Fire Will+}
 14275 | D:9      | Learned a level 3 spell: Teleport Other
 14278 | D:9      | Noticed a two-headed ogre
 14303 | D:9      | Killed a two-headed ogre
 14304 | D:9      | Reached skill level 5 in Hexes
 15144 | D:9      | Reached skill level 11 in Spellcasting
 15167 | D:9      | Reached XP level 11. HP: 47/47 MP: 9/27
 15236 | D:9      | Offered knowledge of Ignite Poison by Vehumet.
 15355 | D:9      | Learned a level 3 spell: Ignite Poison
 15470 | D:9      | Found a shadowy altar of Dithmenos.
 15643 | D:9      | Noticed a boulder beetle
 15664 | D:9      | Killed a boulder beetle
 16043 | D:9      | Reached *** piety under Vehumet
 16157 | D:9      | Found a staircase to the Orcish Mines.
 16168 | Orc:1    | Entered Level 1 of the Orcish Mines
 16176 | Orc:1    | Reached skill level 10 in Throwing
 16450 | Orc:2    | Entered Level 2 of the Orcish Mines
 16452 | Orc:2    | Noticed an orc knight
 16460 | Orc:1    | Offered knowledge of Hailstorm by Vehumet.
 16517 | Orc:1    | Learned a level 4 spell: Iskenderun's Mystic Blast
 16521 | Orc:1    | Learned a level 3 spell: Dazzling Flash
 16622 | Orc:1    | Killed an orc knight
 16912 | Orc:2    | Reached **** piety under Vehumet
 17147 | Orc:2    | Found Rangiv's Weapon Boutique.
 17181 | Orc:2    | Found a staircase to the Elven Halls.
 17233 | Orc:2    | Offered knowledge of Freezing Cloud by Vehumet.
 17278 | Orc:2    | Reached skill level 12 in Spellcasting
 17329 | Orc:2    | Noticed an orc high priest
 17577 | Orc:1    | Learned a level 5 spell: Freezing Cloud
 17583 | Orc:2    | Killed an orc high priest
 17627 | Orc:2    | Noticed an orc high priest
 17633 | Orc:2    | Killed an orc high priest
 17952 | Orc:2    | Noticed an orc sorcerer
 17961 | Orc:2    | Killed an orc sorcerer
 17974 | Orc:2    | Reached skill level 1 in Air Magic
 18797 | Orc:2    | Noticed an orc high priest
 18810 | Orc:2    | Noticed a sun demon
 18811 | Orc:2    | Killed an orc high priest
 18811 | Orc:2    | Reached ***** piety under Vehumet
 18943 | Orc:2    | Offered knowledge of Airstrike by Vehumet.
 19306 | Orc:2    | Bought 3 atropa-tipped darts for 35 gold pieces
 19364 | Orc:2    | Found Syruna's Magic Scroll Shoppe.
 19364 | Orc:2    | Found Imucryak's Armour Emporium.
 19369 | Orc:2    | Found Obloazol's Antique Armour Shoppe.
 19371 | Orc:2    | Found Zaklegg's Antique Armour Emporium.
 19379 | Orc:2    | Noticed an orc high priest
 19387 | Orc:2    | Noticed a sun demon
 19530 | Orc:2    | Noticed a sun demon
 19786 | Orc:2    | Killed an orc high priest
 19787 | Orc:2    | Reached skill level 1 in Ice Magic
 19919 | Orc:2    | Bought a scroll of blinking for 82 gold pieces
 19919 | Orc:2    | Bought a scroll of identify for 22 gold pieces
 19919 | Orc:2    | Bought a scroll of fear for 44 gold pieces
 19919 | Orc:2    | Bought a scroll of identify for 22 gold pieces
 19922 | Orc:2    | Bought a glowing hat for 203 gold pieces
 19922 | Orc:2    | Bought a glowing robe for 107 gold pieces
 20318 | Orc:1    | Noticed a two-headed ogre
 20330 | Orc:2    | Reached XP level 12. HP: 50/51 MP: 13/29
 20463 | Orc:2    | Killed a two-headed ogre
 20640 | Orc:2    | Reached skill level 13 in Spellcasting
 20819 | Orc:1    | Found Zydgh's Book Boutique.
 20872 | Orc:1    | Bought the Directory of Befouled Incandescence for 240 gold
                  | pieces
 20872 | Orc:1    | Bought the Grimoire of Cunning Hyperthermia for 456 gold
                  | pieces
 20876 | Orc:1    | Learned a level 1 spell: Sting
 20878 | Orc:1    | Learned a level 1 spell: Slow
 21195 | Orc:1    | Reached skill level 1 in Poison Magic
 21368 | Elf:1    | Entered Level 1 of the Elven Halls
 21443 | Elf:1    | Found Ydaenuco's Assorted Antiques.
 21639 | Elf:1    | Noticed Agnes
 21650 | Elf:1    | Demolished by Agnes

Illustrated notes

Levels and vault maps discovered:
D:1:      dpeg_arrival_three_same_balls, layout_rooms, minmay_statues_item,
          serial_bayou_pond_c, kennysheep_boxes
D:2:      layout_basic, dreamdust_ecumenical_altar_grove, serial_rivers,
          chequers_serial_rivers_marsh, chequers_serial_rivers_large_b,
          chequers_serial_rivers_micro_d, chequers_serial_rivers_large_a,
          minmay_misc_feat_roman
D:3:      layout_loops_cross, mainiacjoe_overflow_swirl, minmay_pentangle,
          uniq_natasha
D:4:      layout_rooms, mainiacjoe_overflow_alcove_1, serial_shops,
          nicolae_shop_advertising_works [nicolae_subvault_shop_adworks],
          kennysheep_generic_room_8, uniq_eustachio
D:5:      layout_basic, minmay_temple_entry_large_hall
D:6:      layout_basic, minivault_23
D:7:      layout_loops_ring, zin_angel, nicolae_yredelemnul_ghost_church,
          general_overflow_altar, xom_shifter_show, serial_shops,
          nicolae_shop_waterfront, minmay_joined_circles
D:8:      layout_basic, lemuel_crystal_altar, uniq_maggie
D:9:      layout_cave_pools, nicolae_dithmenos_the_darkroom, david_orc_4,
          nzn_sisyphean_effort
Temple:   minmay_temple_bridge_abc
Orc:1:    layout_caves, serial_shops, nicolae_shop_trees, abandoned_shop
Orc:2:    st_orc_mages, layout_caves, serial_shops, shop
Elf:1:    layout_geoelf_octagon, basic_altar, serial_shops,
          nicolae_diamond_shop, hangedman_elf_represent, uniq_agnes

Skill      XL: |  1  2  3  4  5  6  7  8  9 10 11 12 |
---------------+-------------------------------------+-----
Conjurations   | 3 4 5 6 7 8 |  8.5
Spellcasting   | 3 4 5 6 7 9 11 12 13 | 13.4
Stealth        | 4 5 6 |  6.2
Throwing       | 1 2 4 6 8 9 10 11 | 11.1
Dodging        | 3 4 |  4.1
Hexes          | 1 2 4 5 6 |  6.1
Air Magic      | 1 2 |  2.4
Ice Magic      | 1 2 |  2.1
Poison Magic   | 1 |  1.1
Fighting       | |  0.2
Summonings     | |  0.4
Translocations | |  0.6
Transmutations | |  0.8
Evocations     | |  0.6

Action                     |  1- 3 |  4- 6 |  7- 9 | 10-12 || total
---------------------------+-------+-------+-------+-------++-------
  Melee: Dagger            |     1 |       |       |       ||     1
  Throw: Dart              |     8 |    42 |   120 |   157 ||   327
         Boomerang         |       |       |     6 |       ||     6
         Stone             |       |       |       |     2 ||     2
   Cast: Magic Dart        |    70 |    32 |    73 |    55 ||   230
         Searing Ray       |     7 |    30 |    46 |    87 ||   170
         Summon Guardian G |       |       |     1 |     4 ||     5
         Fulminant Prism   |       |       |    38 |    65 ||   103
         Shock             |       |       |     4 |    38 ||    42
         Iskenderun's Batt |       |       |       |     4 ||     4
         Freezing Cloud    |       |       |       |    47 ||    47
         Iskenderun's Myst |       |       |       |     6 ||     6
         Teleport Other    |       |       |       |     3 ||     3
         Ignite Poison     |       |       |       |     3 ||     3
         Dazzling Flash    |       |       |       |     3 ||     3
         Slow              |       |       |       |     6 ||     6
         Sting             |       |       |       |     6 ||     6
  Evoke: Wand              |       |       |       |     1 ||     1
    Use: Scroll            |     3 |     7 |     9 |     4 ||    23
         Potion            |       |       |       |     1 ||     1
 Armour: Robe              |       |     1 |     3 |     2 ||     6
  Dodge: Dodged            |     3 |     9 |    26 |    86 ||   124

Table legend: (Time is in decaauts)
 A = Elapsed time spent in this place.
 B = Non-inter-level travel time spent in this place.
 C = Inter-level travel time spent in this place.
 D = Time resting spent in this place.
 E = Time spent auto-exploring this place.
 F = Levels seen in this place.
 G = Mean time per level.
                   A        B        C        D        E       F      G
               +--------+--------+--------+--------+--------+-----+--------+
         Total |  17006 |  11587 |   5419 |   8248 |      0 |  13 | 1308.2 |
       Dungeon |  12554 |   8149 |   4405 |   5741 |      0 |   9 | 1394.9 |
        Temple |     63 |      4 |     59 |      0 |      0 |   1 |   63.0 |
  Orcish Mines |   4141 |   3213 |    928 |   2333 |      0 |   2 | 2070.5 |
   Elven Halls |    246 |    220 |     26 |    173 |      0 |   1 |  246.0 |
               +--------+--------+--------+--------+--------+-----+--------+

Top non-repeatable levels by time:
   Orc:2: 2589 daAuts
     D:7: 2071 daAuts
     D:9: 1637 daAuts
   Orc:1: 1551 daAuts
     D:2: 1420 daAuts
     D:4: 1407 daAuts
     D:8: 1393 daAuts
     D:3: 1346 daAuts
     D:6: 1320 daAuts
     D:5: 1097 daAuts
     D:1: 861 daAuts
   Elf:1: 246 daAuts
  Temple: 63 daAuts
